 Dungeon Crawl Stone Soup version 0.20-a0-509-ga2a529b (webtiles) character file.

43 M4edhros the Grave Robber (level 3, -1/21 HPs)
             Began as an Octopode Necromancer on Jan 22, 2017.
             Slain by an adder (2 damage)
             ... on level 3 of the Dungeon.
             The game lasted 00:02:22 (331 turns).

M4edhros the Grave Robber (Octopode Necromancer)     Turns: 331, Time: 00:02:22

Health: -1/21      AC:  1    Str:  7    XL:     3   Next: 58%
Magic:  1/6        EV: 13    Int: 17    God:
Gold:   18         SH:  0    Dex: 13    Spells: 1/6 levels left

rFire    . . .     SeeInvis .     - Unarmed
rCold    . . .     Gourm    .   (no shield)
rNeg     . . .     Faith    .   (helmet restricted)
rPois    .         Spirit   .   (no amulet)
rElec    .         Reflect  .   (no ring)
rCorr    .         Harm     .   (no ring)
MR       .....                  (no ring)
Stlth    +++.......             (no ring)
Regen    0.1/turn               (no ring)
                                (no ring)
                                (no ring)
                                (no ring)

@: no status effects
A: almost no armour, stealthy swim, amphibious, 8 rings, constrict 8, camouflage
1, gelatinous body 1
a: no special abilities


You were on level 3 of the Dungeon.
You were not hungry.

You visited 1 branch of the dungeon, and saw 4 of its levels.

You collected 18 gold pieces.

Inventory:

Missiles
 e - a tomahawk (quivered)
Scrolls
 f - 2 scrolls of amnesia
Books
 a - a book of Necromancy

   Spells                             Type                      Level
   a - Pain                           Necromancy                   1
   b - Animate Skeleton               Necromancy                   1
   c - Vampiric Draining              Necromancy                   3
   d - Regeneration                   Charms/Necromancy            3
   e - Animate Dead                   Necromancy                   4
   f - Control Undead                 Necromancy                   4
Comestibles
 b - a bread ration
 c - 3 chunks of flesh


   Skills:
 - Level 2.0 Dodging
 - Level 2.6 Stealth
 + Level 3.1 Unarmed Combat
 - Level 2.0 Spellcasting
 - Level 4.0 Necromancy


You had one spell level left.
You knew the following spells:

 Your Spells              Type           Power        Failure   Level  Hunger
a - Pain                  Necr           ###.         3%          1    #......
b - Animate Skeleton      Necr           N/A          3%          1    #......
c - Regeneration          Chrm/Necr      #.........   24%         3    ###....


Dungeon Overview and Level Annotations

Branches:
Dungeon (4/15)
 Temple: D:4-7

Altars:


Innate Abilities, Weirdness & Mutations

You cannot wear most types of armour.
You are very stealthy in the water. (Stealth+)
You are amphibious.
You can wear up to eight rings at the same time.
You can use your tentacles to constrict eight enemies at once.
Your skin changes colour to match your surroundings (Stealth+).
Your rubbery body absorbs attacks. (AC +1, EV +1)


Message History

As you read the scroll labeled HUINAU OCRAU, it crumbles to dust.
It is a scroll of amnesia.
Forget which spell ([?*] list [ESC] exit)?
Forget which spell ([?*] list [ESC] exit)?
Okay, then.
Your skin stops crawling.
You feel sick.
Unknown command.
Your magical contamination has completely faded away.
You see here a stone.
Throwing (i - inventory):
e - 2 tomahawks (quivered)
Press: ? - help, Shift-Dir - straight line, f - adder
Aim: an adder You throw a tomahawk.
The tomahawk closely misses the adder.
You feel sick.
You are no longer poisoned.
The adder barely misses you.
You closely miss the adder. Your grab misses the adder. The adder bites you.
* * * LOW HITPOINT WARNING * * *
You miss the adder. Your grab misses the adder. The adder bites you.
You die...

#...## . #...## .#### #....###
#.... #...!..# #.##. ....
#(...#.###########.##. ## ...?
#....#.##........†.... ..# .s..
#......##.########.##. ...##s.
###.#S#.##.###### #.##.
..S.#s#####.....@(.........##....
S.....#...#.#.###(########.#####.
...g..#†.#.......)# #.
......#..#..#.#...# #.
......#.[.........## #.
#..................# #.
#.######S#..#......... ## #.
#....##.....### # ..
######..###...##


You could see an adder.

Vanquished Creatures
  3 adders (D:3)
  A leopard gecko (D:3)
  A bat (D:3)
  2 giant cockroaches (D:3)
  A goblin (D:3)
  2 hobgoblins (D:3)
  A kobold (D:3)
  A rat (D:3)
12 creatures vanquished.

Vanquished Creatures (collateral kills)
  A worm (D:3)
  A goblin (D:3)
  A frilled lizard (D:3)
3 creatures vanquished.

Grand Total: 15 creatures vanquished

Notes
Turn   | Place    | Note
-------+----------+-------------------------------------------
     0 | D:1      | M4edhros the Octopode Necromancer began the quest for the Orb.
     0 | D:1      | Reached XP level 1. HP: 11/11 MP: 3/3
    45 | D:4      | Noticed a killer bee
    46 | D:4      | Noticed a killer bee
    46 | D:4      | Noticed a killer bee
    60 | D:3      | Reached skill level 1 in Unarmed Combat
    60 | D:3      | Reached XP level 2. HP: 10/17 MP: 0/5
    69 | D:3      | Learned a level 1 spell: Animate Skeleton
    80 | D:3      | Found a faded altar of an unknown god.
   219 | D:3      | Reached XP level 3. HP: 5/21 MP: 6/6
   233 | D:3      | Learned a level 3 spell: Regeneration
   315 | D:3      | HP: 1/21 [poisoned by an adder]
   330 | D:3      | HP: 1/21 [adder (5)]
   331 | D:3      | Slain by an adder

Vault maps used:
D:1:      minmay_arrival_up_and_down, minmay_unequal
D:2:      kennysheep_goblin_castle
D:3:      minmay_roachtagon, chequers_temple_overflow_statue_of_worship,
          chequers_ecumenical_altar_simple, first_bread, grunt_ministairs_10,
          uniq_robin
D:4:      nicolae_tso_carved_into_rock, portal_sewer_entry_f

Skill      XL: |  1  2  3 |
---------------+----------+-----
Unarmed Combat | 1 2 3 |  3.1
Dodging        | |  2.0
Stealth        | |  2.6
Spellcasting   | |  2.0
Necromancy     | |  4.0

Action                   || total
-------------------------++-------
Melee: Unarmed           ||    29
       Constrict         ||     9
       Tentacles         ||     4
Throw: Tomahawk          ||     1
 Cast: Pain              ||     9
       Animate Skeleton  ||     3
       Regeneration      ||     3
  Use: Potion            ||     1
       Scroll            ||     1
 Stab: Sleeping          ||     2
Armor: Skin              ||     4
Dodge: Dodged            ||    15
